 Dungeon Crawl Stone Soup version 0.21.1-1-g345015f (webtiles) character file.

31270 Kurtz the Grappler (level 13, -9/94 HPs)
             Began as a Mummy Monk on Mar 29, 2018.
             Mangled by a vault guard
             ... wielding a +0 long sword
              (17 damage)
             ... on level 13 of the Dungeon.
             The game lasted 00:58:12 (60689 turns).

Kurtz the Grappler (Mummy Monk)                    Turns: 60689, Time: 00:58:13

Health: -9/94      AC:  8    Str: 18    XL:     13   Next: 25%
Magic:  13/13      EV: 18    Int: 12    God:
Gold:   685        SH: 12    Dex: 16    Spells: 12/12 levels left

rFire    x . .     SeeInvis .     - Unarmed
rCold    + . .     Gourm    .   C - +0 shield {AC+3}
rNeg     + + +     Faith    .   (no armour)
rPois    ∞         Spirit   .   E - +2 helmet {Int+3}
rElec    .         Reflect  .   (no cloak)
rCorr    +         Harm     .   b - +0 pair of gloves
MR       +....                  n - +0 pair of boots
Stlth    ++........             (no amulet)
HPRegen  0.25/turn              f - +5 ring of evasion
MPRegen  0.13/turn              o - ring of resist corrosion

@: no status effects
A: no food or potions, fire vulnerability, cold resistance 1, negative energy
resistance 3, torment resistance, unbreathing, in touch with death 1
a: no special abilities


You were on level 13 of the Dungeon.
You were not hungry.

You visited 2 branches of the dungeon, and saw 16 of its levels.
You also visited: Ossuary.

You collected 685 gold pieces.

Inventory:

Hand Weapons
 v - a +0 dagger of distortion
 w - a +1 whip of freezing
Missiles
 I - 15 large rocks
Armour
 b - a +0 pair of gloves (worn)
 n - a +0 pair of boots (worn)
 C - a +0 shield of protection (worn)
 E - a +2 helmet of intelligence (worn)
Jewellery
 f - a +5 ring of evasion (left hand)
 o - a ring of resist corrosion (right hand)
 x - an uncursed amulet of regeneration {unknown}
Wands
 c - a wand of flame (84)
 e - a wand of scattershot (3)
 y - a wand of random effects (27)
 B - a wand of enslavement (5)
 F - a wand of paralysis (13)
 G - a wand of polymorph (15)
 H - a wand of digging (6)
 J - a wand of iceblast (11)
Scrolls
 a - 4 scrolls of amnesia
 d - 9 scrolls of remove curse
 g - 6 scrolls of teleportation
 i - 5 scrolls of noise
 l - 3 scrolls of enchant weapon
 p - a scroll of magic mapping
 r - a scroll of enchant armour
 s - 8 scrolls of identify
 t - 3 scrolls of random uselessness
 A - a scroll of fog
 D - a scroll of fear
Potions
 j - 5 potions of mutation {unknown}
 k - 4 potions of magic {unknown}
 m - 8 potions of curing (quivered)
Books
 h - a book of Geomancy

   Spells                             Type                      Level
   a - Sandblast                      Earth                        1
   b - Passwall                       Transmutation/Earth          2
   c - Stone Arrow                    Conjuration/Earth            3
   d - Petrify                        Transmutation/Earth          4
   e - Lee's Rapid Deconstruction     Earth                        5
 q - a book of Maledictions

   Spells                             Type                      Level
   a - Corona                         Hexes                        1
   b - Ensorcelled Hibernation        Hexes/Ice                    2
   c - Confuse                        Hexes                        3
   d - Tukima's Dance                 Hexes                        3
   e - Dazzling Spray                 Conjuration/Hexes            3
 u - a book of Frost

   Spells                             Type                      Level
   a - Freeze                         Ice                          1
   b - Throw Frost                    Conjuration/Ice              2
   c - Ozocubu's Armour               Charms/Ice                   3
   d - Throw Icicle                   Conjuration/Ice              4
   e - Summon Ice Beast               Ice/Summoning                4
Comestibles
 z - 16 rations


   Skills:
 - Level 6.3 Fighting
 - Level 3.2 Dodging
 - Level 2.4 Stealth
 * Level 11.7 Shields
 * Level 13.9 Unarmed Combat


You had 12 spell levels left.
You didn't know any spells.

Dungeon Overview and Level Annotations

Branches:
Dungeon (15/15)            Temple (0/1) D:4            Lair (1/6) D:10
    Orc (0/2) D:12
 Vaults: D:13-14     Depths: D:15

Altars:
Ashenzari
Fedhas
Wu Jian
Xom
Zin
Beogh

Shops:
D:5 !   D:9 (   D:12 (

Annotations:
D:4 orc war
D:8 FRamirez's ghost, novice DsAK
D:9 exclusions: 2 doors, two-headed ogre and upstairs
D:11 exclusion: troll
D:13 exclusion: tengu warrior
D:14 Kirke


Innate Abilities, Weirdness & Mutations

You do not eat or drink.
Your flesh is vulnerable to fire.
You are immune to poison.
Your flesh is cold resistant. (rC+)
You are immune to negative energy. (rN+++)
You are immune to unholy pain and torment.
You can survive without breathing.
You are in touch with the powers of death.


Message History

The vault guard is severely wounded.
You block the vault guard's attack.
You hit the vault guard.
The vault guard is severely wounded.
The vault guard hits you with a long sword!!
You block the vault guard's attack. The vault guard blocks your attack.
The vault guard is severely wounded.
The vault guard hits you with a long sword!
The vault guard hits you with an enchanted war axe!!
* * * LOW HITPOINT WARNING * * *
You pummel the vault guard!!
The vault guard is moderately wounded.
Unknown command.
Unknown command.
The vault guard misses you.
Things that are here:
a robe; a dagger The vault guard hits you with a long sword!
You die...

#..# #.# #..# #.###
###
###..#######...###.#
#...#.#.........#.##
#.##.##.######...##
#...#...# ####..##
#.##.#### #.....#
#.##.# #.#..##
#.##.# ####.@#.#
#.##.# #...pp..#
#.##.# #...[...#
#.##.###..>....#
#.##.#...[.....#
#####.##.#.#.......#
......##.#p#..<....#
.####.##.#.#.......#
.####........##.####


You could see 2 vault guards.

Vanquished Creatures
  3 centaur warriors
  Sonja (D:15)
  Pikel (D:8)
  5 ugly things
  4 cyclopes
  A manticore (D:12)
  Psyche (D:8)
  A spiny frog (shapeshifter) (D:14)
  A gargoyle (D:14)
  The ghost of gregunderscorem the Sneak, a novice OpAs (D:5)
  4 komodo dragons
  3 kobold demonologists
  A freezing wraith (D:14)
  6 trolls
  A hornet (D:12)
  Prince Ribbit (D:6)
  4 hippogriffs
  5 wyverns
  8 yaks
  A vampire (D:13)
  A basilisk (D:14)
  A wraith (D:14)
  Eustachio (D:6)
  5 hogs
  6 humans (D:10)
  A fire elemental (D:12)
  The ghost of poljik2 the Skirmisher, an amateur HuAK of Lugonu (D:4)
  2 hungry ghosts
  4 vampire mosquitoes (D:12)
  A steam dragon (D:11)
  Edmund (D:5)
  2 soldier ants
  Duvessa (D:7)
  An acid dragon (D:11)
  4 water moccasins
  2 porcupines
  3 black bears
  A swamp drake (D:9)
  10 orc warriors
  A sky beast (D:12)
  A necrophage (D:9)
  12 ice beasts
  A hornet zombie (D:14)
  11 ogres
  2 crocodiles
  2 phantoms
  16 centaurs
  3 big kobolds
  14 bullfrogs
  2 wyvern zombies
  Dowan (D:7)
  2 wyvern skeletons
  4 scorpions
  8 wights (D:11)
  5 howler monkeys
  13 crimson imps
  2 quasits
  4 centaur zombies
  5 bullfrog zombies
  5 hounds
  2 human zombies (Ossuary)
  9 orc priests
  4 bullfrog skeletons
  A gnoll shaman (D:6)
  4 jellies
  An iguana (D:9)
  An iron imp (D:9)
  22 orc wizards
  7 centaur skeletons
  Natasha (thrice) (D:3)
  13 worker ants
  A big kobold zombie (Ossuary)
  A hound zombie (D:7)
  3 hound skeletons
  Robin (D:3)
  A mummy (Ossuary)
  2 worker ant zombies
  8 gnolls
  A howler monkey skeleton (D:11)
  11 adders
  4 shadow imps
  An adder zombie (Ossuary)
  An adder skeleton (D:4)
  2 worms
  3 dart slugs
  7 leopard geckos
  42 orcs
  3 giant cockroaches
  12 goblins
  5 hobgoblins
  7 jackals
  7 quokkas
  A ball python (D:6)
  3 bats
  3 frilled lizards
  9 hobgoblin zombies (Ossuary)
  2 jackal zombies
  18 kobolds
  13 kobold zombies
  A leopard gecko skeleton (D:5)
  A leopard gecko zombie (D:6)
  8 orc zombies (Ossuary)
  9 rats
  3 rat zombies (Ossuary)
476 creatures vanquished.

Vanquished Creatures (others)
  4 slaves (D:8)
  2 orcs
  A fungus (Lair:1)
  10 plants
17 creatures vanquished.

Grand Total: 493 creatures vanquished

Notes
Turn   | Place    | Note
-------+----------+-------------------------------------------
     0 | D:1      | Kurtz the Mummy Monk began the quest for the Orb.
     0 | D:1      | Reached XP level 1. HP: 18/18 MP: 1/1
    27 | D:1      | Reached skill level 3 in Unarmed Combat
    27 | D:1      | Reached XP level 2. HP: 6/24 MP: 2/2
  1389 | D:1      | Reached XP level 3. HP: 28/29 MP: 3/3
  2081 | D:1      | Reached skill level 4 in Unarmed Combat
  2102 | D:2      | Reached XP level 4. HP: 29/35 MP: 4/4
  2640 | D:2      | Found a faded altar of an unknown god.
  5135 | D:2      | Reached XP level 5. HP: 23/41 MP: 5/5
  6506 | D:3      | Noticed Robin
  7004 | D:3      | Noticed Natasha
  7028 | D:4      | Reached skill level 5 in Unarmed Combat
  7274 | D:4      | Found a sand-covered staircase.
  7279 | Ossuary  | Entered an ossuary
  9372 | Ossuary  | Reached XP level 6. HP: 41/47 MP: 6/6
 10767 | D:4      | Reached skill level 6 in Unarmed Combat
 11289 | D:4      | Noticed poljik2's ghost (amateur HuAK)
 11317 | D:5      | Entered Level 5 of the Dungeon
 11324 | D:5      | Noticed gregunderscorem's ghost (novice OpAs)
 11452 | D:4      | Found a staircase to the Ecumenical Temple.
 11774 | D:3      | Killed Natasha
 11774 | D:3      | Reached XP level 7. HP: 39/52 MP: 7/7
 11891 | D:3      | Noticed Natasha
 11904 | D:3      | Killed Natasha
 12195 | D:3      | Noticed Natasha
 12207 | D:3      | Killed Natasha
 12460 | D:3      | Killed Robin
 12804 | D:5      | Reached skill level 7 in Unarmed Combat
 13234 | D:6      | Noticed Eustachio
 13270 | D:6      | Killed Eustachio
 13561 | D:4      | Reached XP level 8. HP: 17/60 MP: 8/8
 14263 | D:5      | Found Yddoi's Distillery.
 14308 | D:5      | Reached skill level 8 in Unarmed Combat
 14825 | D:5      | Noticed Edmund
 16409 | D:5      | Killed Edmund
 16470 | D:5      | Reached skill level 9 in Unarmed Combat
 17721 | D:6      | Found a shattered altar of Ashenzari.
 17987 | D:7      | Reached skill level 10 in Unarmed Combat
 17987 | D:7      | Reached XP level 9. HP: 59/67 MP: 9/9
 18295 | D:7      | Noticed Prince Ribbit
 19347 | D:6      | Reached skill level 5 in Fighting
 21407 | D:7      | Noticed Duvessa
 21427 | D:7      | Killed Duvessa
 21430 | D:7      | Noticed Dowan
 21513 | D:7      | Killed Dowan
 22081 | D:6      | Reached skill level 11 in Unarmed Combat
 22500 | D:7      | Found a glowing silver altar of Zin.
 23537 | D:6      | Killed Prince Ribbit
 23729 | D:5      | Killed gregunderscorem's ghost
 23729 | D:5      | Reached XP level 10. HP: 62/74 MP: 10/10
 24429 | D:8      | Found a shimmering altar of Xom.
 25060 | D:8      | Noticed FRamirez's ghost (novice DsAK)
 25648 | D:4      | Killed poljik2's ghost
 26522 | D:4      | Reached skill level 12 in Unarmed Combat
 26729 | D:8      | Noticed Psyche
 26746 | D:8      | Killed Psyche
 27417 | D:8      | Noticed Pikel
 27464 | D:8      | Killed Pikel
 27802 | D:8      | Noticed a two-headed ogre
 30715 | D:10     | Entered Level 10 of the Dungeon
 32353 | D:9      | Found Cuv Saoj's Antique Weapon Shoppe.
 32747 | D:9      | Noticed a two-headed ogre
 33339 | D:9      | Noticed a deep elf mage
 33347 | D:9      | Noticed a deep elf mage
 33887 | D:10     | Reached skill level 13 in Unarmed Combat
 35200 | D:10     | Reached XP level 11. HP: 78/81 MP: 11/11
 35430 | D:10     | Identified a scroll of acquirement
 35672 | D:10     | Found a staircase to the Lair.
 36288 | D:11     | Reached skill level 1 in Shields
 39923 | D:11     | Noticed a red ugly thing
 40425 | D:11     | Found a blossoming altar of Fedhas.
 40441 | D:11     | Noticed a brown ugly thing
 40502 | D:10     | HP: 4/82 [komodo dragon (18)]
 41041 | D:10     | Reached skill level 5 in Shields
 41163 | D:10     | Found an ornate altar of the Wu Jian Council.
 42647 | Lair:1   | Entered Level 1 of the Lair of Beasts
 43868 | D:12     | Noticed a catoblepas
 44583 | D:12     | Found a frozen archway.
 44589 | D:12     | Found Vumesic's Weapon Boutique.
 44636 | D:12     | Reached XP level 12. HP: 48/89 MP: 12/12
 45172 | D:12     | Noticed a centaur warrior
 45670 | D:12     | Killed a centaur warrior
 47457 | Lair:1   | Noticed an eight-headed hydra
 47954 | D:12     | Found a staircase to the Orcish Mines.
 48921 | D:12     | Found a roughly hewn altar of Beogh.
 49607 | D:11     | Reached skill level 10 in Shields
 49993 | D:13     | Noticed a centaur warrior
 50002 | D:13     | Killed a centaur warrior
 53278 | D:13     | Noticed a tengu warrior
 54084 | D:14     | Noticed a vault guard
 54269 | D:14     | Noticed Kirke
 55965 | D:14     | Noticed a vault guard
 56060 | D:14     | Noticed a vault guard
 56122 | D:15     | Entered Level 15 of the Dungeon
 56122 | D:15     | Noticed Sonja
 56146 | D:14     | Gained mutation: You are in touch with the powers of death. [Mummy growth]
 56146 | D:14     | Reached XP level 13. HP: 71/94 MP: 13/13
 56514 | D:15     | Killed Sonja
 60689 | D:13     | Mangled by a vault guard

Skill      XL: |  1  2  3  4  5  6  7  8  9 10 11 12 |
---------------+-------------------------------------+-----
Unarmed Combat | 3 4 5 6 7 10 11 13 | 13.9
Fighting       | 4 5 6 |  6.3
Stealth        | 2 |  2.4
Dodging        | 3 |  3.2
Shields        | 7 11 | 11.7

Action                   |  1- 3 |  4- 6 |  7- 9 | 10-12 | 13-15 || total
-------------------------+-------+-------+-------+-------+-------++-------
Melee: Unarmed           |   131 |   361 |   531 |  1250 |   231 ||  2504
       Punch             |     1 |    12 |    20 |    41 |       ||    74
  Use: Scroll            |       |     5 |     2 |     8 |     1 ||    16
 Stab: Sleeping          |     2 |     1 |       |     7 |       ||    10
       Distracted        |       |     2 |       |     4 |       ||     6
Armor: Skin              |     6 |    18 |    41 |   100 |    24 ||   189
Dodge: Dodged            |    91 |   255 |   383 |   654 |    97 ||  1480
Block: Shield            |       |       |       |   353 |   132 ||   485
